 Dungeon Crawl Stone Soup version 0.29.1-15-g9cfb28693d (webtiles) character file.

Game seed: 3734745753854182813

5 Descartes the Scratcher (level 1, 0/9 HPs)
             Began as a Felid Transmuter on Mar 2, 2023.
             Slain by a bat (1 damage)
             ... on level 1 of the Dungeon.
             The game lasted 00:00:16 (46 turns).

Descartes the Scratcher (Felid Transmuter)            Turns: 46, Time: 00:00:17

Health: 0/9        AC:  1    Str:  6    XL:     1   Next: 66%
Magic:  2/4        EV: 17    Int: 14    God:
Gold:   0          SH:  0    Dex: 16    Spells: 3/4 levels left
                                        Lives:  0   Deaths: 0

rFire   . . .      SeeInvis +     - Unarmed
rCold   . . .      Faith    .   (shield unavailable)
rNeg    . . .      Spirit   .   (body armour unavailable)
rPois   .          Reflect  .   (helmet unavailable)
rElec   .          Harm     .   (cloak unavailable)
rCorr   .          Rampage  .   (gloves unavailable)
Will    .....                   (boots unavailable)
Stlth   ++........              (no amulet)
HPRegen 0.03/turn               (no ring)
MPRegen 0.09/turn               (no ring)

@: appendages (expiring), quick
A: horns 2, very small, claws 1, fangs 3, see invisible, speed 1, shaggy fur 1,
stealthy paws, no weapons or thrown items, no armour, multi-lived
a: End Transformation


You were on level 1 of the Dungeon.
You had temporarily grown beastly horns.
You visited 1 branch of the dungeon, and saw 1 of its levels.

Inventory:

Potions
 a - a potion of lignification


   Skills:
 - Level 1.0 Fighting
 - Level 2.6 Dodging
 + Level 2.0 Stealth
 - Level 3.0 Unarmed Combat
 - Level 2.0 Spellcasting
 - Level 2.1 Transmutations


You had 3 spell levels left.
You knew the following spells:

 Your Spells              Type           Power      Damage    Failure   Level
a - Beastly Appendage     Tmut           14%        N/A       10%         1

Your spell library contained the following spells:

 Spells                   Type           Power      Damage    Failure   Level
 Wereblood                Tmut           7%         N/A       14%         2
 Spider Form              Tmut/Pois      4%         N/A       41%         3
 Ice Form                 Ice/Tmut       4%         N/A       83%         4


Dungeon Overview and Level Annotations

Branches:
Dungeon (1/15)

Altars:


Innate Abilities, Weirdness & Mutations

You have temporarily grown beastly horns.
You have sharp claws.
You have razor-sharp teeth.
You have supernaturally acute eyesight. (SInv)
You cover ground quickly. (Speed+)
You are covered in fur. (AC +1)
Your paws help you pounce on unaware monsters.
You are incapable of wielding weapons or throwing items.
You cannot wear armour.
You gain extra lives every three experience levels.


Message History

You see here a bubbling clear potion.
Casting: Beastly Appendage (safe; 10% risk of failure)
Confirm with . or Enter, or press ? or * to list all spells.
You grow a pair of large bovine horns.
The jackal barks!
A jackal comes into view.
A bat comes into view.
Unknown command.
A jackal comes into view.
The jackal barks! x2
You scratch the kobold.
You kill the kobold!
The bat hits you but does no damage.
Your Stealth skill increases to level 1!
The bat misses you.
The bat closely misses you. x2; The jackal misses you.
Things that are here:
a +0 short sword; a kobold corpse You scratch the bat but do no damage.
The bat misses you. The jackal closely misses you. The bat hits you.
Your magical contamination has completely faded away.
You scratch the bat.
You kill the bat!
The jackal bites you.
You scratch the jackal.
You kill the jackal!
The bat hits you. The jackal bites you. The jackal misses you.
Your Stealth skill increases to level 2!
You are too injured to fight recklessly!
You are too injured to fight recklessly!
Unknown command.
You scratch the jackal. Your headbutt misses the jackal.
The jackal is almost dead.
Your transformation is almost over.
The jackal closely misses you. The bat hits you but does no damage.
The jackal completely misses you. The jackal bites you.
* * * LOW HITPOINT WARNING * * *
The bat barely misses you.
You scratch the jackal.
You kill the jackal!
The bat hits you.
You die...

#. #####.###
#.....#......#...#
#............. ..#
#.....#.##.... ...
#....#.##.#.# #.# .#
##....#.##.#.# #.# .#
..#.....#.##.#.###.###.#
..........!............#
...#@..#..#.##.###..#
#....b.h..............#
.......................#
................###.....
.......#..(#.#..........
...........#.......#....
.........#....###.....##
#..................#.##
...###.#.#.###


You could see a jackal and a bat.

Vanquished Creatures
  A bat (D:1)
  A giant cockroach (D:1)
  2 jackals (D:1)
  A kobold (D:1)
5 creatures vanquished.

Notes
Turn   | Place    | Note
-------+----------+-------------------------------------------
     0 | D:1      | Descartes the Felid Transmuter began the quest for the Orb.
     0 | D:1      | Reached XP level 1. HP: 9/9 MP: 4/4
    41 | D:1      | Reached skill level 1 in Stealth
    46 | D:1      | Slain by a bat

Illustrated notes

Levels and vault maps discovered:
D:1:      scummos_arrival_checkerplants, layout_basic,
          hellmonk_ecumenical_altar_inner_sanctum, minmay_misc_feat_columns,
          chequers_arboretum

Skill      XL: |  1 |
---------------+----+-----
Stealth        | 2 |  2.0
Fighting       | |  1.0
Dodging        | |  2.6
Unarmed Combat | |  3.0
Spellcasting   | |  2.0
Transmutations | |  2.1

Action                   || total
-------------------------++-------
Melee: Unarmed           ||     7
 Cast: Beastly Appendage ||     2
Armor: Skin              ||     2
Dodge: Dodged            ||    11
